[ AOE2 MATCH · #464865249 ]
Team RMBohemians vs Franks
[ REPLAY ANALYSIS · EXTRACTED FROM THE RECORDED GAME ]
Feudal
14:22
Castle
24:46
Imperial
39:21
| APM avg | 19.6 |
| APM peak | 56 |
| eAPM avg | 11.8 |
| Villagers / military | 60 / 46 |
Focus
⚔️ 14.1% · 🌾 85.9%
Archer ×20 · Knight ×17 · Hussite Wagon ×9 · Trade Cart ×6
Feudal
—
Castle
—
Imperial
—
| APM avg | 14.7 |
| APM peak | 42 |
| eAPM avg | 13.3 |
| Villagers / military | 78 / 224 |
Focus
⚔️ 47.7% · 🌾 52.3%
Skirmisher ×68 · Spearman ×68 · Longbowman ×45 · Archer ×30 · Militia ×10 · Trade Cart ×7
Feudal
13:07
Castle
23:08
Imperial
46:13
| APM avg | 18.2 |
| APM peak | 77 |
| eAPM avg | 13.4 |
| Villagers / military | 118 / 110 |
Focus
⚔️ 32.4% · 🌾 67.6%
Scout Cavalry ×48 · Knight ×30 · Coustillier ×18 · Trade Cart ×16 · Spearman ×9 · Flemish Militia ×5
Feudal
13:18
Castle
31:10
Imperial
—
| APM avg | 10.6 |
| APM peak | 53 |
| eAPM avg | 10.3 |
| Villagers / military | 134 / 125 |
Focus
⚔️ 33.8% · 🌾 66.2%
Camel Archer ×29 · Spearman ×25 · Cavalry Archer ×24 · Militia ×21 · Skirmisher ×13 · Archer ×8
Feudal
14:20
Castle
19:35
Imperial
35:32
| APM avg | 12.5 |
| APM peak | 28 |
| eAPM avg | 9.6 |
| Villagers / military | 99 / 86 |
Focus
⚔️ 28.2% · 🌾 71.8%
Janissary ×36 · Scorpion ×21 · Bombard Cannon ×10 · Scout Cavalry ×5 · Trade Cart ×5 · Knight ×4
Feudal
13:38
Castle
18:48
Imperial
35:06
| APM avg | 10.2 |
| APM peak | 28 |
| eAPM avg | 9.0 |
| Villagers / military | 109 / 101 |
Focus
⚔️ 22.6% · 🌾 77.4%
Knight ×97 · Trebuchet (Packed) ×3 · Battering Ram ×1
Match map
Initial resources + every placement click. Lines = walls · curves = elevation contours. ◆ gold · ⬟ stone · ● berries · ✦ relic · ◌ wall gap
Your base· ✓ Closed at 24:46 · 0t walls · 2 gate(s)
Nordinateur93's base· ✓ Closed at 21:20 · 0t walls · 2 gate(s)
EL OG's base· ✓ Closed at 23:08 · 0t walls · 2 gate(s)
castle_master's base· ✓ Closed at 31:10 · 0t walls · 3 gate(s)
Yuls37's base· ✓ Closed at 19:35 · 0t walls · 3 gate(s)
[MCC] Bacteria-Am's base· ✓ Closed at 18:48 · 0t walls · 2 gate(s)
Smoothed initial terrain · ◌ = detected wall gap · hover for details
Inputs per minute
— Berkecan - - Nordinateur93
Build order — Berkecan
First 150 of 190 actions detected
| 0:28 | Create | Villager (Male) |
| 0:28 | Create | Villager (Male) |
| 0:29 | Create | Villager (Male) |
| 0:42 | Build | House |
| 1:08 | Build | House |
| 1:14 | Build | House |
| 1:39 | Create | Villager (Male) |
| 1:39 | Create | Villager (Male) |
| 2:21 | Build | House |
| 2:33 | Create | Villager (Male) |
| 3:02 | Create | Villager (Male) |
| 4:27 | Create | Villager (Male) |
| 4:28 | Create | Villager (Male) |
| 5:03 | Create | Villager (Male) |
| 5:04 | Create | Villager (Male) |
| 5:48 | Create | Villager (Male) |
| 6:21 | Build | Mill |
| 7:28 | Create | Villager (Male) |
| 8:02 | Build | House |
| 8:04 | Build | House |
| 8:06 | Build | House |
| 8:29 | Build | House |
| 8:31 | Build | House |
| 8:32 | Build | House |
| 8:35 | Build | House |
| 8:43 | Create | Villager (Male) |
| 8:45 | Create | Villager (Male) |
| 10:06 | Create | Villager (Male) |
| 10:45 | Build | Lumber Camp |
| 11:16 | Build | Barracks |
| 12:12 | Research | Feudal Age |
| 12:38 | Build | Mining Camp |
| 13:42 | Create | Villager (Male) |
| 13:42 | Create | Villager (Male) |
| 13:42 | Create | Villager (Male) |
| 14:22 | Age | Feudal Age |
| 14:33 | Create | Villager (Male) |
| 14:33 | Create | Villager (Male) |
| 14:37 | Research | Horse Collar |
| 14:38 | Research | Double-Bit Axe |
| 15:01 | Build | Archery Range |
| 15:20 | Create | Villager (Male) |
| 15:20 | Create | Villager (Male) |
| 16:05 | Build | Mining Camp |
| 16:32 | Build | Archery Range |
| 16:41 | Create | Villager (Male) |
| 16:42 | Create | Villager (Male) |
| 17:27 | Build | Stable |
| 17:31 | Create | Archer |
| 17:31 | Create | Archer |
| 17:31 | Create | Archer |
| 17:48 | Create | Archer |
| 17:48 | Create | Archer |
| 17:57 | Create | Villager (Male) |
| 17:57 | Create | Villager (Male) |
| 17:57 | Create | Villager (Male) |
| 18:37 | Build | Farm |
| 18:41 | Build | Farm |
| 18:43 | Create | Villager (Male) |
| 18:43 | Create | Villager (Male) |
| 18:44 | Create | Villager (Male) |
| 19:12 | Build | Farm |
| 19:31 | Build | Market |
| 19:37 | Build | Farm |
| 20:05 | Build | Farm |
| 20:15 | Build | Farm |
| 20:16 | Build | Farm |
| 20:19 | Build | Farm |
| 20:32 | Create | Villager (Male) |
| 20:32 | Create | Villager (Male) |
| 20:33 | Create | Villager (Male) |
| 20:44 | Build | House |
| 20:45 | Build | House |
| 20:46 | Build | House |
| 20:48 | Build | House |
| 20:59 | Create | Archer |
| 20:59 | Create | Archer |
| 20:59 | Create | Archer |
| 21:39 | Build | Farm |
| 21:45 | Build | House |
| 21:47 | Build | House |
| 22:06 | Research | Castle Age |
| 22:18 | Create | Archer |
| 22:44 | Create | Trade Cart |
| 22:46 | Create | Trade Cart |
| 23:19 | Create | Archer |
| 23:30 | Create | Archer |
| 24:46 | Age | Castle Age |
| 24:50 | Create | Archer |
| 24:51 | Create | Archer |
| 24:58 | Create | Villager (Male) |
| 24:58 | Create | Villager (Male) |
| 24:58 | Create | Villager (Male) |
| 24:59 | Create | Villager (Male) |
| 24:59 | Create | Villager (Male) |
| 25:07 | Research | Heavy Plow |
| 25:13 | Create | Archer |
| 25:16 | Research | Crossbowman (upgrade) |
| 25:21 | Create | Knight |
| 25:37 | Create | Villager (Male) |
| 25:44 | Build | Stone Wall |
| 25:50 | Build | Gate |
| 25:55 | Build | Stone Wall |
| 25:58 | Build | Gate |
| 26:23 | Build | Stone Wall |
| 26:29 | Build | Gate |
| 26:34 | Build | Stone Wall |
| 26:37 | Build | Stone Wall |
| 26:54 | Create | Knight |
| 26:54 | Create | Knight |
| 26:58 | Create | Archer |
| 26:58 | Create | Archer |
| 26:59 | Create | Archer |
| 26:59 | Create | Archer |
| 27:00 | Create | Archer |
| 27:00 | Create | Archer |
| 27:08 | Create | Villager (Male) |
| 27:18 | Create | Villager (Male) |
| 27:29 | Build | Farm |
| 27:47 | Build | Castle |
| 27:55 | Create | Knight |
| 27:56 | Create | Knight |
| 28:06 | Create | Villager (Male) |
| 28:07 | Create | Villager (Male) |
| 28:07 | Create | Villager (Male) |
| 28:07 | Create | Villager (Male) |
| 28:37 | Build | House |
| 28:38 | Build | House |
| 28:39 | Build | House |
| 28:40 | Build | House |
| 28:41 | Build | House |
| 28:50 | Build | Farm |
| 29:12 | Create | Knight |
| 29:19 | Build | Stable |
| 30:00 | Build | Farm |
| 30:02 | Build | Farm |
| 30:12 | Build | Town Center |
| 30:16 | Create | Villager (Male) |
| 30:17 | Create | Villager (Male) |
| 30:17 | Create | Villager (Male) |
| 30:17 | Create | Villager (Male) |
| 30:23 | Create | Hussite Wagon |
| 30:24 | Create | Hussite Wagon |
| 30:24 | Create | Hussite Wagon |
| 30:52 | Create | Knight |
| 30:53 | Create | Knight |
| 30:54 | Create | Knight |
| 30:54 | Create | Knight |
| 30:54 | Create | Knight |
| 31:03 | Build | Stable |
Build order — Nordinateur93
First 150 of 415 actions detected
| 0:03 | Create | Villager (Male) |
| 0:03 | Create | Villager (Male) |
| 0:03 | Create | Villager (Male) |
| 0:03 | Create | Villager (Male) |
| 0:04 | Create | Villager (Male) |
| 0:04 | Create | Villager (Male) |
| 0:16 | Build | House |
| 0:18 | Build | House |
| 0:19 | Build | House |
| 0:20 | Build | House |
| 2:25 | Build | Lumber Camp |
| 2:31 | Create | Villager (Male) |
| 2:31 | Create | Villager (Male) |
| 2:31 | Create | Villager (Male) |
| 2:57 | Create | Villager (Male) |
| 3:10 | Create | Villager (Male) |
| 3:38 | Create | Villager (Male) |
| 3:56 | Create | Villager (Male) |
| 4:01 | Create | Villager (Male) |
| 4:31 | Create | Villager (Male) |
| 5:06 | Create | Villager (Male) |
| 5:06 | Create | Villager (Male) |
| 5:06 | Create | Villager (Male) |
| 5:06 | Create | Villager (Male) |
| 5:33 | Create | Villager (Male) |
| 5:33 | Create | Villager (Male) |
| 6:35 | Create | Villager (Male) |
| 6:35 | Create | Villager (Male) |
| 6:46 | Build | Mill |
| 6:55 | Create | Villager (Male) |
| 6:55 | Create | Villager (Male) |
| 7:39 | Create | Villager (Male) |
| 7:39 | Create | Villager (Male) |
| 7:58 | Create | Villager (Male) |
| 7:59 | Create | Villager (Male) |
| 7:59 | Create | Villager (Male) |
| 8:06 | Build | House |
| 8:08 | Build | House |
| 8:09 | Build | House |
| 9:22 | Research | Feudal Age |
| 9:54 | Build | Mill |
| 11:34 | Research | Wheelbarrow |
| 11:38 | Research | Horse Collar |
| 11:41 | Research | Double-Bit Axe |
| 11:55 | Build | Market |
| 12:01 | Build | Blacksmith |
| 12:14 | Create | Villager (Male) |
| 12:15 | Create | Villager (Male) |
| 12:15 | Create | Villager (Male) |
| 12:16 | Create | Villager (Male) |
| 12:16 | Create | Villager (Male) |
| 13:10 | Build | Barracks |
| 13:13 | Build | Barracks |
| 13:15 | Build | Barracks |
| 13:34 | Build | Mining Camp |
| 13:57 | Create | Villager (Male) |
| 13:57 | Create | Villager (Male) |
| 14:46 | Create | Villager (Male) |
| 14:46 | Create | Villager (Male) |
| 15:18 | Build | Archery Range |
| 15:31 | Build | Farm |
| 15:33 | Build | Farm |
| 15:35 | Build | Farm |
| 16:18 | Create | Trade Cart |
| 16:18 | Create | Trade Cart |
| 16:18 | Create | Trade Cart |
| 16:20 | Create | Trade Cart |
| 16:47 | Create | Villager (Male) |
| 16:48 | Create | Villager (Male) |
| 17:13 | Create | Villager (Male) |
| 17:14 | Create | Villager (Male) |
| 17:14 | Create | Villager (Male) |
| 17:14 | Create | Villager (Male) |
| 17:20 | Build | Farm |
| 17:31 | Create | Villager (Male) |
| 17:32 | Create | Villager (Male) |
| 17:33 | Create | Villager (Male) |
| 17:41 | Build | House |
| 17:42 | Build | House |
| 17:43 | Build | House |
| 17:45 | Build | House |
| 17:47 | Build | House |
| 17:48 | Build | House |
| 17:50 | Build | House |
| 17:59 | Build | Farm |
| 18:09 | Build | Farm |
| 18:28 | Create | Trade Cart |
| 18:28 | Create | Trade Cart |
| 18:29 | Create | Trade Cart |
| 18:41 | Research | Man-at-Arms (upgrade) |
| 18:43 | Research | Arson |
| 18:57 | Build | Farm |
| 18:59 | Create | Villager (Male) |
| 19:02 | Create | Villager (Male) |
| 19:02 | Create | Villager (Male) |
| 19:16 | Build | Farm |
| 19:43 | Build | Farm |
| 20:07 | Build | Farm |
| 20:34 | Build | Farm |
| 20:58 | Build | Farm |
| 21:20 | Research | Castle Age |
| 21:26 | Build | Farm |
| 21:35 | Build | Farm |
| 21:48 | Build | Farm |
| 21:57 | Research | Fletching |
| 22:04 | Create | Archer |
| 22:04 | Create | Archer |
| 22:05 | Create | Archer |
| 22:05 | Create | Archer |
| 22:05 | Create | Archer |
| 22:05 | Create | Archer |
| 22:06 | Create | Archer |
| 22:06 | Create | Archer |
| 22:06 | Create | Archer |
| 22:24 | Build | Archery Range |
| 22:26 | Build | Archery Range |
| 22:29 | Build | Archery Range |
| 22:33 | Build | Archery Range |
| 22:35 | Build | Archery Range |
| 22:45 | Build | Barracks |
| 22:48 | Build | Barracks |
| 23:04 | Research | Padded Archer Armor |
| 23:06 | Research | Forging |
| 23:06 | Research | Scale Mail Armor |
| 23:20 | Research | Gold Mining |
| 24:34 | Research | Hand Cart |
| 24:37 | Research | Heavy Plow |
| 24:56 | Build | Town Center |
| 25:02 | Research | Bow Saw |
| 25:20 | Research | Elite Skirmisher (upgrade) |
| 25:29 | Research | Long Swordsman (upgrade) |
| 26:00 | Create | Villager (Male) |
| 26:00 | Create | Villager (Male) |
| 26:10 | Create | Villager (Male) |
| 26:10 | Create | Villager (Male) |
| 26:15 | Create | Villager (Male) |
| 26:19 | Create | Villager (Male) |
| 27:01 | Research | Crossbowman (upgrade) |
| 27:02 | Create | Archer |
| 27:02 | Create | Archer |
| 27:02 | Create | Archer |
| 27:03 | Create | Archer |
| 27:03 | Create | Archer |
| 27:03 | Create | Archer |
| 27:23 | Build | Farm |
| 27:24 | Build | Farm |
| 27:27 | Build | Farm |
| 27:38 | Research | Bodkin Arrow |
| 27:49 | Create | Skirmisher |
| 27:49 | Create | Skirmisher |
Build order — EL OG
First 150 of 404 actions detected
| 0:03 | Create | Villager (Male) |
| 0:03 | Create | Villager (Male) |
| 0:03 | Create | Villager (Male) |
| 0:03 | Create | Villager (Male) |
| 0:04 | Create | Villager (Male) |
| 0:09 | Build | House |
| 0:10 | Build | House |
| 0:11 | Build | House |
| 1:47 | Create | Villager (Male) |
| 1:47 | Create | Villager (Male) |
| 1:48 | Research | Loom |
| 2:13 | Create | Villager (Male) |
| 2:14 | Create | Villager (Male) |
| 2:14 | Create | Villager (Male) |
| 2:39 | Create | Villager (Male) |
| 2:39 | Create | Villager (Male) |
| 3:13 | Build | Lumber Camp |
| 3:16 | Create | Villager (Male) |
| 3:16 | Create | Villager (Male) |
| 3:16 | Create | Villager (Male) |
| 3:45 | Create | Villager (Male) |
| 3:45 | Create | Villager (Male) |
| 4:13 | Create | Villager (Male) |
| 4:13 | Create | Villager (Male) |
| 4:25 | Build | Mill |
| 4:27 | Create | Villager (Male) |
| 4:28 | Create | Villager (Male) |
| 4:51 | Create | Villager (Male) |
| 4:51 | Create | Villager (Male) |
| 4:52 | Create | Villager (Male) |
| 5:25 | Create | Villager (Male) |
| 5:55 | Create | Villager (Male) |
| 5:55 | Create | Villager (Male) |
| 5:55 | Create | Villager (Male) |
| 6:04 | Build | Farm |
| 6:19 | Create | Villager (Male) |
| 6:29 | Build | Farm |
| 6:42 | Build | House |
| 6:53 | Build | Farm |
| 6:56 | Create | Villager (Male) |
| 7:19 | Build | Farm |
| 7:26 | Create | Villager (Male) |
| 7:42 | Build | Farm |
| 7:47 | Create | Villager (Male) |
| 8:20 | Build | House |
| 8:26 | Create | Villager (Male) |
| 8:37 | Build | Farm |
| 8:45 | Create | Villager (Male) |
| 9:01 | Create | Villager (Male) |
| 9:03 | Research | Wheelbarrow |
| 9:28 | Build | Farm |
| 10:14 | Build | Farm |
| 10:28 | Create | Villager (Male) |
| 10:28 | Create | Villager (Male) |
| 10:28 | Create | Villager (Male) |
| 10:47 | Research | Feudal Age |
| 11:26 | Create | Villager (Male) |
| 11:26 | Create | Villager (Male) |
| 11:26 | Create | Villager (Male) |
| 12:30 | Create | Villager (Male) |
| 12:30 | Create | Villager (Male) |
| 12:44 | Build | House |
| 13:07 | Age | Feudal Age |
| 13:12 | Research | Double-Bit Axe |
| 13:14 | Research | Horse Collar |
| 13:28 | Research | Hand Cart |
| 13:29 | Research | Town Watch |
| 13:39 | Build | Mining Camp |
| 14:35 | Research | Gold Mining |
| 15:08 | Research | Gold Shaft Mining |
| 15:12 | Research | Bow Saw |
| 15:14 | Research | Heavy Plow |
| 15:39 | Build | Farm |
| 15:51 | Build | Farm |
| 16:34 | Build | Farm |
| 16:54 | Build | House |
| 16:55 | Build | House |
| 16:58 | Build | House |
| 17:00 | Build | House |
| 17:01 | Build | House |
| 17:03 | Build | House |
| 17:07 | Create | Villager (Male) |
| 17:08 | Create | Villager (Male) |
| 17:08 | Create | Villager (Male) |
| 17:08 | Create | Villager (Male) |
| 17:19 | Create | Villager (Male) |
| 17:47 | Build | Lumber Camp |
| 18:24 | Build | Barracks |
| 18:42 | Build | Lumber Camp |
| 18:53 | Create | Villager (Male) |
| 18:54 | Create | Villager (Male) |
| 19:15 | Build | Blacksmith |
| 19:41 | Build | Market |
| 19:59 | Build | Blacksmith |
| 20:03 | Create | Villager (Male) |
| 20:04 | Create | Villager (Male) |
| 20:04 | Create | Villager (Male) |
| 20:25 | Research | Castle Age |
| 20:35 | Build | Farm |
| 20:43 | Build | House |
| 20:45 | Create | Spearman |
| 20:46 | Create | Spearman |
| 20:46 | Create | Spearman |
| 20:46 | Create | Spearman |
| 20:46 | Create | Spearman |
| 20:46 | Create | Spearman |
| 21:02 | Build | Mining Camp |
| 21:07 | Research | Stone Mining |
| 21:14 | Build | House |
| 21:47 | Build | House |
| 21:49 | Build | House |
| 21:52 | Build | House |
| 21:54 | Build | House |
| 21:55 | Build | House |
| 21:57 | Build | House |
| 22:04 | Create | Trade Cart |
| 22:04 | Create | Trade Cart |
| 22:04 | Create | Trade Cart |
| 22:04 | Create | Trade Cart |
| 22:14 | Create | Trade Cart |
| 22:15 | Research | Caravan |
| 22:35 | Build | Market |
| 22:37 | Build | Market |
| 23:06 | Create | Spearman |
| 23:06 | Create | Spearman |
| 23:06 | Create | Spearman |
| 23:08 | Age | Castle Age |
| 23:11 | Research | Pikeman (upgrade) |
| 23:14 | Research | Crop Rotation |
| 23:37 | Research | Caravan |
| 23:49 | Build | Town Center |
| 24:00 | Build | House |
| 24:12 | Research | Forging |
| 24:12 | Research | Scale Mail Armor |
| 24:13 | Research | Scale Barding Armor |
| 24:22 | Research | Stone Shaft Mining |
| 24:37 | Create | Flemish Militia |
| 24:37 | Create | Flemish Militia |
| 24:38 | Create | Flemish Militia |
| 24:38 | Create | Flemish Militia |
| 24:38 | Create | Flemish Militia |
| 24:58 | Build | Stable |
| 25:02 | Create | Villager (Male) |
| 25:02 | Create | Villager (Male) |
| 25:12 | Create | Villager (Male) |
| 25:13 | Create | Villager (Male) |
| 25:13 | Create | Villager (Male) |
| 25:32 | Build | Stable |
| 25:38 | Create | Villager (Male) |
| 25:38 | Create | Villager (Male) |
Build order — castle_master
First 150 of 409 actions detected
| 0:05 | Create | Villager (Male) |
| 0:05 | Create | Villager (Male) |
| 0:05 | Create | Villager (Male) |
| 0:05 | Create | Villager (Male) |
| 0:46 | Build | House |
| 0:52 | Build | House |
| 0:55 | Build | House |
| 0:59 | Build | House |
| 1:40 | Create | Villager (Male) |
| 1:41 | Create | Villager (Male) |
| 2:26 | Create | Villager (Male) |
| 2:47 | Build | House |
| 3:08 | Build | House |
| 3:19 | Create | Villager (Male) |
| 3:35 | Create | Villager (Male) |
| 3:36 | Create | Villager (Male) |
| 4:06 | Create | Villager (Male) |
| 4:06 | Create | Villager (Male) |
| 4:10 | Research | Loom |
| 4:56 | Create | Villager (Male) |
| 4:57 | Create | Villager (Male) |
| 4:57 | Create | Villager (Male) |
| 5:16 | Build | Lumber Camp |
| 5:22 | Create | Villager (Male) |
| 5:22 | Create | Villager (Male) |
| 6:16 | Create | Villager (Male) |
| 6:17 | Create | Villager (Male) |
| 6:17 | Create | Villager (Male) |
| 6:17 | Create | Villager (Male) |
| 6:36 | Create | Villager (Male) |
| 6:36 | Create | Villager (Male) |
| 6:36 | Create | Villager (Male) |
| 6:36 | Create | Villager (Male) |
| 7:06 | Create | Villager (Male) |
| 7:06 | Create | Villager (Male) |
| 7:21 | Build | Mill |
| 7:27 | Create | Villager (Male) |
| 7:27 | Create | Villager (Male) |
| 7:59 | Create | Villager (Male) |
| 7:59 | Create | Villager (Male) |
| 8:12 | Build | House |
| 8:14 | Build | House |
| 9:02 | Build | Mill |
| 9:29 | Build | Mining Camp |
| 9:50 | Create | Villager (Male) |
| 10:20 | Create | Villager (Male) |
| 10:56 | Build | Farm |
| 11:08 | Research | Feudal Age |
| 11:23 | Create | Villager (Male) |
| 12:51 | Create | Villager (Male) |
| 12:52 | Create | Villager (Male) |
| 12:52 | Create | Villager (Male) |
| 12:53 | Create | Villager (Male) |
| 12:53 | Create | Villager (Male) |
| 12:53 | Create | Villager (Male) |
| 12:54 | Create | Villager (Male) |
| 13:18 | Age | Feudal Age |
| 13:23 | Research | Wheelbarrow |
| 13:24 | Research | Town Watch |
| 14:01 | Build | Blacksmith |
| 14:05 | Build | Market |
| 14:23 | Build | Farm |
| 14:25 | Build | Farm |
| 14:28 | Build | Farm |
| 14:51 | Build | Mill |
| 15:31 | Build | Farm |
| 15:59 | Build | Farm |
| 16:15 | Create | Villager (Male) |
| 16:15 | Create | Villager (Male) |
| 16:25 | Build | Farm |
| 17:20 | Create | Villager (Male) |
| 17:21 | Create | Villager (Male) |
| 17:21 | Create | Villager (Male) |
| 17:22 | Create | Villager (Male) |
| 17:22 | Create | Villager (Male) |
| 17:22 | Create | Villager (Male) |
| 17:23 | Create | Villager (Male) |
| 17:23 | Create | Villager (Male) |
| 17:23 | Create | Villager (Male) |
| 18:21 | Research | Horse Collar |
| 18:25 | Research | Gold Mining |
| 18:35 | Build | Farm |
| 18:52 | Build | Farm |
| 19:05 | Research | Double-Bit Axe |
| 19:16 | Build | Farm |
| 19:49 | Build | Farm |
| 20:04 | Build | Farm |
| 20:18 | Create | Villager (Male) |
| 20:19 | Create | Villager (Male) |
| 20:33 | Build | Farm |
| 21:02 | Build | Barracks |
| 22:04 | Build | Barracks |
| 22:24 | Research | Forging |
| 22:27 | Research | Scale Mail Armor |
| 22:29 | Research | Scale Barding Armor |
| 22:30 | Research | Padded Archer Armor |
| 22:32 | Research | Fletching |
| 22:58 | Build | Farm |
| 22:59 | Build | Farm |
| 23:01 | Build | Farm |
| 23:05 | Build | Farm |
| 23:09 | Build | Farm |
| 23:11 | Build | Farm |
| 23:13 | Build | Farm |
| 23:22 | Create | Villager (Male) |
| 23:23 | Create | Villager (Male) |
| 23:23 | Create | Villager (Male) |
| 23:23 | Create | Villager (Male) |
| 23:24 | Create | Villager (Male) |
| 23:24 | Create | Villager (Male) |
| 23:25 | Create | Villager (Male) |
| 23:25 | Create | Villager (Male) |
| 23:25 | Create | Villager (Male) |
| 24:02 | Build | House |
| 24:04 | Build | House |
| 24:06 | Build | House |
| 24:10 | Build | House |
| 24:12 | Build | House |
| 24:14 | Build | House |
| 24:17 | Build | House |
| 24:18 | Build | House |
| 24:20 | Build | House |
| 24:24 | Build | House |
| 24:26 | Build | House |
| 24:30 | Build | House |
| 24:44 | Research | Man-at-Arms (upgrade) |
| 24:44 | Research | Arson |
| 25:49 | Build | Farm |
| 26:00 | Research | Castle Age |
| 26:08 | Build | Farm |
| 26:37 | Build | Lumber Camp |
| 26:44 | Create | Militia |
| 26:44 | Create | Militia |
| 26:44 | Create | Militia |
| 26:45 | Create | Militia |
| 26:45 | Create | Militia |
| 26:45 | Create | Militia |
| 26:47 | Create | Spearman |
| 26:47 | Create | Spearman |
| 26:47 | Create | Spearman |
| 27:23 | Build | Lumber Camp |
| 27:56 | Build | Mining Camp |
| 28:31 | Create | Spearman |
| 28:32 | Create | Spearman |
| 28:32 | Create | Spearman |
| 28:32 | Create | Spearman |
| 28:32 | Create | Spearman |
| 28:33 | Create | Spearman |
| 28:33 | Create | Spearman |
| 28:33 | Create | Spearman |
Build order — Yuls37
First 150 of 311 actions detected
| 0:03 | Research | Loom |
| 0:04 | Create | Villager (Male) |
| 0:04 | Create | Villager (Male) |
| 0:05 | Create | Villager (Male) |
| 0:05 | Create | Villager (Male) |
| 0:22 | Build | House |
| 0:23 | Build | House |
| 0:25 | Build | House |
| 1:15 | Build | House |
| 1:18 | Build | House |
| 2:35 | Create | Villager (Male) |
| 2:35 | Create | Villager (Male) |
| 2:59 | Create | Villager (Male) |
| 2:59 | Create | Villager (Male) |
| 3:09 | Build | Lumber Camp |
| 3:21 | Create | Villager (Male) |
| 3:22 | Create | Villager (Male) |
| 3:49 | Create | Villager (Male) |
| 3:49 | Create | Villager (Male) |
| 4:06 | Create | Villager (Male) |
| 4:42 | Create | Villager (Male) |
| 4:42 | Create | Villager (Male) |
| 4:42 | Create | Villager (Male) |
| 5:54 | Create | Villager (Male) |
| 5:54 | Create | Villager (Male) |
| 5:55 | Create | Villager (Male) |
| 5:55 | Create | Villager (Male) |
| 5:55 | Create | Villager (Male) |
| 5:56 | Create | Villager (Male) |
| 6:43 | Build | Mill |
| 6:48 | Create | Villager (Male) |
| 6:48 | Create | Villager (Male) |
| 7:04 | Build | House |
| 7:06 | Build | House |
| 7:08 | Build | House |
| 7:41 | Create | Villager (Male) |
| 7:42 | Create | Villager (Male) |
| 8:27 | Create | Villager (Male) |
| 8:27 | Create | Villager (Male) |
| 8:45 | Create | Villager (Male) |
| 8:45 | Create | Villager (Male) |
| 9:01 | Build | Farm |
| 9:03 | Build | Farm |
| 9:05 | Build | Farm |
| 9:11 | Create | Villager (Male) |
| 9:45 | Create | Villager (Male) |
| 9:45 | Create | Villager (Male) |
| 9:46 | Create | Villager (Male) |
| 10:09 | Create | Villager (Male) |
| 10:17 | Build | Farm |
| 10:18 | Build | Farm |
| 10:21 | Build | Farm |
| 10:31 | Create | Villager (Male) |
| 11:52 | Research | Feudal Age |
| 12:19 | Build | House |
| 12:21 | Build | House |
| 12:43 | Build | Mining Camp |
| 13:52 | Build | Mining Camp |
| 14:07 | Create | Villager (Male) |
| 14:08 | Create | Villager (Male) |
| 14:18 | Build | Farm |
| 14:20 | Build | Farm |
| 14:20 | Age | Feudal Age |
| 14:31 | Build | Market |
| 14:49 | Research | Double-Bit Axe |
| 14:52 | Create | Villager (Male) |
| 14:52 | Create | Villager (Male) |
| 14:53 | Create | Villager (Male) |
| 15:22 | Build | Farm |
| 15:24 | Build | Farm |
| 16:05 | Create | Villager (Male) |
| 16:06 | Create | Villager (Male) |
| 16:12 | Build | Blacksmith |
| 16:23 | Build | Farm |
| 16:25 | Build | Farm |
| 16:32 | Build | Farm |
| 16:37 | Research | Castle Age |
| 16:48 | Build | Farm |
| 17:20 | Research | Horse Collar |
| 18:23 | Build | Barracks |
| 19:07 | Create | Villager (Male) |
| 19:08 | Create | Villager (Male) |
| 19:22 | Build | Stable |
| 19:25 | Create | Spearman |
| 19:25 | Create | Spearman |
| 19:25 | Create | Spearman |
| 19:35 | Age | Castle Age |
| 19:54 | Build | Castle |
| 20:13 | Build | Town Center |
| 20:23 | Create | Villager (Male) |
| 20:23 | Create | Villager (Male) |
| 20:26 | Research | Bow Saw |
| 20:49 | Build | University |
| 21:10 | Create | Scout Cavalry |
| 21:10 | Create | Scout Cavalry |
| 21:10 | Create | Scout Cavalry |
| 21:11 | Create | Scout Cavalry |
| 21:11 | Create | Scout Cavalry |
| 21:36 | Build | Mining Camp |
| 21:54 | Build | Monastery |
| 21:58 | Build | Farm |
| 22:08 | Build | Farm |
| 22:09 | Build | Farm |
| 22:10 | Build | Farm |
| 22:16 | Create | Villager (Male) |
| 22:16 | Create | Villager (Male) |
| 22:16 | Create | Villager (Male) |
| 22:29 | Build | Farm |
| 23:05 | Build | Lumber Camp |
| 23:28 | Create | Villager (Male) |
| 23:29 | Create | Villager (Male) |
| 23:32 | Create | Villager (Male) |
| 23:33 | Create | Villager (Male) |
| 23:33 | Create | Villager (Male) |
| 23:49 | Build | Town Center |
| 24:14 | Build | Mining Camp |
| 24:18 | Create | Villager (Male) |
| 24:19 | Create | Villager (Male) |
| 24:56 | Build | Farm |
| 24:58 | Build | Farm |
| 25:00 | Build | Farm |
| 25:03 | Create | Villager (Male) |
| 25:03 | Create | Villager (Male) |
| 25:07 | Create | Villager (Male) |
| 25:07 | Create | Villager (Male) |
| 25:07 | Create | Villager (Male) |
| 25:34 | Build | Market |
| 25:36 | Build | Market |
| 26:07 | Create | Villager (Male) |
| 26:07 | Create | Villager (Male) |
| 26:08 | Create | Villager (Male) |
| 26:16 | Build | Farm |
| 26:17 | Build | Farm |
| 26:18 | Build | Farm |
| 26:20 | Build | Farm |
| 26:22 | Build | Farm |
| 26:23 | Build | Farm |
| 26:27 | Create | Villager (Male) |
| 26:27 | Create | Villager (Male) |
| 26:32 | Create | Villager (Male) |
| 26:37 | Create | Villager (Male) |
| 26:38 | Create | Villager (Male) |
| 26:50 | Build | Farm |
| 26:51 | Build | Farm |
| 26:53 | Build | Farm |
| 26:58 | Build | Farm |
| 27:10 | Build | Mill |
| 27:40 | Create | Villager (Male) |
| 27:40 | Create | Villager (Male) |
| 27:40 | Create | Villager (Male) |
Build order — [MCC] Bacteria-Am
First 150 of 264 actions detected
| 0:12 | Research | Loom |
| 0:12 | Create | Villager (Male) |
| 0:12 | Create | Villager (Male) |
| 0:13 | Create | Villager (Male) |
| 0:13 | Create | Villager (Male) |
| 0:13 | Create | Villager (Male) |
| 0:24 | Build | House |
| 0:31 | Build | House |
| 0:33 | Build | House |
| 0:36 | Build | House |
| 1:04 | Build | House |
| 1:57 | Create | Villager (Male) |
| 2:31 | Create | Villager (Male) |
| 2:54 | Create | Villager (Male) |
| 3:22 | Create | Villager (Male) |
| 3:25 | Create | Villager (Male) |
| 3:55 | Create | Villager (Male) |
| 3:55 | Create | Villager (Male) |
| 4:28 | Create | Villager (Male) |
| 5:12 | Create | Villager (Male) |
| 5:13 | Create | Villager (Male) |
| 5:13 | Create | Villager (Male) |
| 5:13 | Create | Villager (Male) |
| 5:55 | Create | Villager (Male) |
| 6:12 | Create | Villager (Male) |
| 6:13 | Create | Villager (Male) |
| 7:03 | Build | Lumber Camp |
| 7:15 | Create | Villager (Male) |
| 7:15 | Create | Villager (Male) |
| 7:15 | Create | Villager (Male) |
| 7:16 | Create | Villager (Male) |
| 7:16 | Create | Villager (Male) |
| 7:16 | Create | Villager (Male) |
| 8:21 | Build | Mill |
| 8:32 | Create | Villager (Male) |
| 8:33 | Create | Villager (Male) |
| 8:33 | Create | Villager (Male) |
| 8:33 | Create | Villager (Male) |
| 8:34 | Create | Villager (Male) |
| 9:25 | Build | Farm |
| 9:25 | Build | Farm |
| 9:25 | Build | Farm |
| 9:26 | Build | Farm |
| 9:26 | Build | Farm |
| 9:30 | Build | Farm |
| 9:33 | Build | Farm |
| 9:34 | Build | Farm |
| 10:16 | Build | Mining Camp |
| 10:47 | Build | Mining Camp |
| 11:21 | Research | Feudal Age |
| 11:36 | Create | Villager (Male) ×4 |
| 11:48 | Build | House |
| 11:49 | Build | House |
| 11:50 | Build | House |
| 11:51 | Build | House |
| 11:53 | Build | House |
| 13:38 | Age | Feudal Age |
| 13:59 | Build | Market |
| 14:03 | Build | Blacksmith |
| 14:07 | Create | Villager (Male) |
| 14:08 | Create | Villager (Male) |
| 14:14 | Research | Double-Bit Axe |
| 15:48 | Build | Farm |
| 15:49 | Build | Farm |
| 15:50 | Build | Farm |
| 15:51 | Build | Farm |
| 15:53 | Build | Farm |
| 15:54 | Build | Farm |
| 15:56 | Build | Farm |
| 16:05 | Research | Castle Age |
| 16:15 | Build | Barracks |
| 16:56 | Create | Villager (Male) |
| 16:56 | Create | Villager (Male) |
| 16:57 | Create | Villager (Male) |
| 16:57 | Create | Villager (Male) |
| 16:58 | Create | Villager (Male) |
| 17:16 | Research | Wheelbarrow |
| 17:26 | Build | Stable |
| 17:43 | Research | Stone Mining |
| 18:01 | Research | Gold Mining |
| 18:19 | Build | Stable |
| 18:48 | Age | Castle Age |
| 19:29 | Build | Town Center |
| 19:53 | Research | Bow Saw |
| 20:09 | Build | House |
| 20:12 | Build | House |
| 20:13 | Build | House |
| 20:14 | Build | House |
| 20:18 | Build | House |
| 20:20 | Build | House |
| 20:22 | Build | House |
| 20:24 | Build | House |
| 20:26 | Build | House |
| 20:27 | Build | House |
| 20:29 | Build | House |
| 20:31 | Build | House |
| 20:43 | Create | Villager (Male) ×5 |
| 20:45 | Create | Villager (Male) ×5 |
| 21:11 | Create | Villager (Male) |
| 21:12 | Create | Villager (Male) |
| 21:13 | Create | Villager (Male) |
| 21:17 | Create | Villager (Male) |
| 21:33 | Create | Villager (Male) |
| 21:37 | Build | Farm |
| 21:38 | Build | Farm |
| 21:39 | Build | Farm |
| 21:44 | Build | Farm |
| 21:45 | Build | Farm |
| 21:47 | Build | Farm |
| 21:49 | Build | Farm |
| 21:51 | Build | Farm |
| 21:55 | Build | Farm |
| 22:00 | Build | Farm |
| 22:08 | Build | Farm |
| 22:22 | Build | Farm |
| 22:29 | Create | Villager (Male) |
| 22:29 | Create | Villager (Male) |
| 22:29 | Create | Villager (Male) |
| 22:29 | Create | Villager (Male) |
| 22:30 | Create | Villager (Male) |
| 22:30 | Create | Villager (Male) |
| 22:42 | Build | Farm |
| 23:03 | Create | Knight |
| 23:03 | Create | Knight |
| 23:04 | Create | Knight |
| 23:55 | Build | Castle |
| 24:06 | Create | Knight |
| 24:06 | Create | Knight |
| 24:08 | Create | Knight |
| 24:09 | Create | Knight |
| 24:59 | Research | Hand Cart |
| 25:07 | Create | Villager (Male) |
| 25:08 | Create | Villager (Male) |
| 25:08 | Create | Villager (Male) |
| 25:08 | Create | Villager (Male) |
| 25:08 | Create | Villager (Male) |
| 25:23 | Build | Mining Camp |
| 25:38 | Build | Siege Workshop |
| 25:57 | Create | Villager (Male) |
| 25:57 | Create | Villager (Male) |
| 25:58 | Create | Villager (Male) |
| 25:58 | Create | Villager (Male) |
| 25:58 | Create | Villager (Male) |
| 25:58 | Create | Villager (Male) |
| 26:06 | Create | Villager (Male) |
| 26:10 | Create | Villager (Male) |
| 26:13 | Create | Villager (Male) |
| 26:18 | Create | Villager (Male) |
| 26:42 | Build | Mining Camp |
| 26:45 | Create | Battering Ram |
Match timeline
| 11:16 | Berkecan · first_building Barracks |
| 13:07 | EL OG · age_up feudal |
| 13:10 | Nordinateur93 · first_building Barracks |
| 13:18 | castle_master · age_up feudal |
| 13:38 | [MCC] Bacteria-Am · age_up feudal |
| 14:20 | Yuls37 · age_up feudal |
| 14:22 | Berkecan · age_up feudal |
| 15:01 | Berkecan · first_building Archery Range |
| 15:18 | Nordinateur93 · first_building Archery Range |
| 16:15 | [MCC] Bacteria-Am · first_building Barracks |
| 17:26 | [MCC] Bacteria-Am · first_building Stable |
| 17:27 | Berkecan · first_building Stable |
| 18:23 | Yuls37 · first_building Barracks |
| 18:24 | EL OG · first_building Barracks |
| 18:48 | [MCC] Bacteria-Am · age_up castle |
| 19:22 | Yuls37 · first_building Stable |
| 19:35 | Yuls37 · age_up castle |
| 19:54 | Yuls37 · first_building Castle |
| 21:02 | castle_master · first_building Barracks |
| 21:10 | Nordinateur93 · first_market_buy 100 food |
| 21:54 | Yuls37 · first_building Monastery |
| 21:59 | Berkecan · first_market_buy 100 food |
| 22:02 | Berkecan · first_market_sell 100 stone |
| 23:08 | EL OG · age_up castle |
| 23:55 | [MCC] Bacteria-Am · first_building Castle |
| 24:46 | Berkecan · age_up castle |
| 24:58 | EL OG · first_building Stable |
| 25:38 | [MCC] Bacteria-Am · first_building Siege Workshop |
| 25:44 | Berkecan · wall_segment Stone Wall x6 |
| 25:55 | Berkecan · wall_segment Stone Wall x5 |
| 26:02 | EL OG · first_market_buy 100 wood |
| 26:23 | Berkecan · wall_segment Stone Wall x1 |
| 26:34 | Berkecan · wall_segment Stone Wall x1 |
| 26:37 | Berkecan · wall_segment Stone Wall x7 |
| 27:47 | Berkecan · first_building Castle |
| 28:30 | EL OG · first_building Castle |
| 31:10 | castle_master · age_up castle |
| 32:55 | [MCC] Bacteria-Am · first_building Monastery |
| 33:26 | Yuls37 · first_building Siege Workshop |
| 35:06 | [MCC] Bacteria-Am · age_up imperial |
| 35:32 | Yuls37 · age_up imperial |
| 35:36 | EL OG · first_building Archery Range |
| 35:47 | Nordinateur93 · first_market_sell 100 wood |
| 35:48 | EL OG · first_building Monastery |
| 36:12 | Nordinateur93 · first_building Castle |
| 36:19 | castle_master · first_building Archery Range |
| 38:11 | Nordinateur93 · first_building Siege Workshop |
| 39:16 | castle_master · first_building Castle |
| 39:21 | Berkecan · age_up imperial |
| 42:05 | castle_master · first_building Stable |
| 42:06 | Berkecan · resign |
| 46:13 | EL OG · age_up imperial |
[ AI ANALYSIS · 1 CREDIT ]
What really happened in this match?
Wolo.gg analyzes every decision: build order, eco, micro, common mistakes by bracket. Personalized analysis on WhatsApp or Discord in 30 seconds.
Civ guide
Bohemians
Map guide
Arena
Perfil
Berkecan